 Dungeon Crawl Stone Soup version 0.20.1-1-g8b1a95d (webtiles) character file.

14 Tasticka the Skirmisher (level 2, 0/27 HPs)
             Began as a Hill Orc Fighter on Aug 21, 2017.
             Succumbed to a kobold's poison
             ... on level 1 of the Dungeon.
             The game lasted 00:03:33 (186 turns).

Tasticka the Skirmisher (Hill Orc Fighter)           Turns: 186, Time: 00:03:34

Health: 0/27       AC:  6    Str: 21    XL:     2   Next: 45%
Magic:  2/2        EV:  7    Int:  8    God:
Gold:   31         SH:  9    Dex: 10    Spells: 1/1 levels left

rFire    x . .     SeeInvis .   a - +0 war axe
rCold    + . .     Gourm    .   c - +0 shield
rNeg     . . .     Faith    .   b - +0 scale mail
rPois    .         Spirit   .   (no helmet)
rElec    .         Reflect  .   (no cloak)
rCorr    .         Harm     .   (no gloves)
MR       .....                  (no boots)
Stlth    ..........             (no amulet)
Regen    0.1/turn               e - ring of ice
MPRegen  0.1/turn               i - +3 ring of strength

@: lethally poisoned (0 -> -10)
A: no striking features
a: no special abilities


You were on level 1 of the Dungeon.
You were not hungry.

You visited 1 branch of the dungeon, and saw 1 of its levels.

You collected 31 gold pieces.

Inventory:

Hand Weapons
 a - a +0 war axe (weapon)
 n - a +2 dagger of venom
Armour
 b - a +0 scale mail (worn)
 c - a +0 shield (worn)
Jewellery
 e - a ring of ice (left hand)
 i - a +3 ring of strength (right hand)
 k - an uncursed ring of ice
Scrolls
 l - a scroll of recharging {unknown}
Potions
 d - a potion of might
Comestibles
 f - 2 bread rations


   Skills:
 + Level 3.9 Fighting
 + Level 2.9 Axes
 + Level 3.5 Armour
 + Level 3.6 Shields


You had one spell level left.
You didn't know any spells.

Dungeon Overview and Level Annotations

Branches:
Dungeon (1/15)

Altars:


Message History

[Y]es or [N]o only, please.
Are you sure you want to cancel this blink?
Okay, then.
As you read the scroll labeled ECLEZX HUOSTO, it crumbles to dust.
It was a scroll of blinking.
* * * LOW HITPOINT WARNING * * *
You feel sick.
As you read the scroll labeled MITSEB QAYM, it crumbles to dust.
You experience a momentary feeling of inescapable doom!
It was a scroll of random uselessness.
* * * LOW HITPOINT WARNING * * *
You feel sick.
As you read the scroll labeled FEISISO NAICEQE, it crumbles to dust.
It is a scroll of identify.
n - a +2 dagger of venom
* * * LOW HITPOINT WARNING * * *
You feel sick.
As you read the scroll labeled DUSCHUMA MEAZ, it crumbles to dust.
You feel aware of your surroundings.
It was a scroll of magic mapping.
You die...

..#######....#.#............,,,,,
..#.....#..................#*****
..#.≈≈≈†#....#.###.........#
..#†≈≈≈.#....#.# ###.#######
..#.≈≈≈.#....#.# #.#
..#..[..#......#####(#
..#######.....###....#
#.........###.###.####
##...<...###....@.#
###.###.#....##### #...,,#..,**
#####,.,,,* ***,,,* *,,,* *,,,*
*****


There were no monsters in sight!

Vanquished Creatures
  A giant cockroach (D:1)
  A goblin (D:1)
  A hobgoblin (D:1)
  4 jackals (D:1)
  A bat (D:1)
  A frilled lizard (D:1)
  3 kobolds (D:1)
  A rat (D:1)
13 creatures vanquished.

Vanquished Creatures (others)
  A gargoyle (D:1)
  An elf (D:1)
  3 trolls (D:1)
  A vampire (D:1)
  A spriggan (D:1)
  A naga (D:1)
  2 dwarves (D:1)
  A mummy (D:1)
  An orc (D:1)
  6 tentacles (D:1)
18 creatures vanquished.

Grand Total: 31 creatures vanquished

Notes
Turn   | Place    | Note
-------+----------+-------------------------------------------
     0 | D:1      | Tasticka the Hill Orc Fighter began the quest for the Orb.
     0 | D:1      | Reached XP level 1. HP: 19/19 MP: 1/1
     0 | D:1      | Noticed a troll
     0 | D:1      | Noticed a troll
     0 | D:1      | Noticed a naga
     0 | D:1      | Noticed a dwarf
     0 | D:1      | Noticed a dwarf
     0 | D:1      | Noticed a spriggan
     0 | D:1      | Noticed a kraken
     0 | D:1      | Noticed a gargoyle
     0 | D:1      | Noticed an elf
     0 | D:1      | Noticed a vampire
     0 | D:1      | Noticed a troll
     3 | D:1      | Killed a dwarf
     3 | D:1      | Killed a dwarf
     4 | D:1      | Killed a spriggan
     6 | D:1      | Killed a troll
     6 | D:1      | Killed a naga
     8 | D:1      | Killed a troll
     8 | D:1      | Killed an elf
    10 | D:1      | Killed a troll
    10 | D:1      | Killed a vampire
    11 | D:1      | Killed a gargoyle
    65 | D:1      | Reached XP level 2. HP: 24/27 MP: 2/2
   185 | D:1      | HP: 1/27 [poisoned by a kobold]
   186 | D:1      | Succumbed to a kobold's poison

Action                   || total
-------------------------++-------
Melee: War axe           ||    39
  Use: Scroll            ||     4
Armor: Scale mail        ||    27
Dodge: Dodged            ||    22
Block: Shield            ||    26
